 Dungeon Crawl Stone Soup version 0.31-a0-1603-gbec6b6ccbf (webtiles) character file.

Game seed: 6580224294178358994

600 timneilson the Ruffian (level 7, -7/41 HPs)
             Began as an Octopode Shapeshifter on Jan 8, 2024.
             Mangled by a crocodile zombie (13 damage)
             ... in an ossuary.
             The game lasted 00:06:37 (3602 turns).

timneilson the Ruffian (Octopode Shapeshifter)      Turns: 3602, Time: 00:06:38

Health: -7/41      AC:  1    Str: 16    XL:     7   Next: 41%
Magic:  7/7        EV: 14    Int: 12    God:
Gold:   186        SH:  5    Dex: 11    Spells: 6/6 levels left

rFire   . .          .
                       - Unarmed
rCold   . . .        (no shield)
rNeg    . . .        (helmet currently unavailable)
rPois   .            g - amulet of reflection
rElec   .            (no ring)
rCorr   .            (no ring)
SInv    .            (no ring)
Will    .....        (no ring)
Stlth   +++          (no ring)
HPRegen 0.26/turn    (no ring)
MPRegen 0.10/turn    (no ring)
                     (no ring)

%: reflection
@: beast-form
A: beast (slay +2), almost no armour, amphibious, 8 rings, camouflage 1,
gelatinous body 1, (nimble swimmer 1), tentacles, frail 1
a: Begin Untransformation


You were in an ossuary.
You were a hulking beast.
You visited 1 branch of the dungeon, and saw 5 of its levels.
You also visited: Ossuary.

You collected 186 gold pieces.

Inventory:

Jewellery
 g - an amulet of reflection (around mantle)
Talismans
 b - a beast talisman
 c - a flux talisman
 f - a serpent talisman
Wands
 o - a wand of quicksilver (7)
Scrolls
 e - a scroll of immolation
 h - a scroll of poison {unknown}
 n - 2 scrolls of fear {unknown}
 p - a scroll of vulnerability
Potions
 a - a potion of lignification
 d - a potion of cancellation
 i - a potion of might {unknown}
 j - a potion of resistance {unknown}
 k - a potion of mutation
 m - a potion of heal wounds {unknown}
 q - a potion of attraction {unknown}


   Skills:
 * Level 3.5 Fighting
 * Level 4.0 Dodging
 + Level 3.3 Stealth
 * Level 4.6 Unarmed Combat
 * Level 4.5 Shapeshifting


You had 6 spell levels left.
You didn't know any spells.
Your spell library contained the following spells:

 Spells                   Type           Power      Damage    Failure   Level
 Foxfire                  Conj/Fire      0%         2x1d4     32%         1
 Plasma Beam              Fire/Air       0%         2x1d10    100%        6
 Starburst                Conj/Fire      0%         6d3       100%        6


Dungeon Overview and Level Annotations

Branches:
Dungeon (5/15)            Ossuary (1/1)
 Temple: D:4-7

Altars:
Ashenzari
Hepliaklqana


Innate Abilities, Weirdness & Mutations

You are a hulking beast.
Your limbs bulge with bestial killing power. (Slay +2)
You cannot wear most types of armour.
You are amphibious.
You can wear up to eight rings at the same time.
Your skin changes colour to match your surroundings (Stealth+).
Your rubbery body absorbs attacks. (AC +1, EV +1)
((You are camouflaged when in or above water. (Stealth+)))
You have tentacles for arms and can constrict up to eight enemies at once.
You are frail. (-10% HP)


Message History

You squeeze the gnoll zombie.
You destroy the gnoll zombie!
You open the door.
A crocodile zombie and 2 mummies come into view.
Found a gate leading back out of this place.
There is an open door here.
You tentacle-slap the mummy. You grab the mummy.
The mummy is lightly damaged.
You constrict the mummy. The mummy misses you.
You tentacle-slap the mummy.
The mummy is moderately damaged.
You constrict the mummy. The mummy closely misses you.
You tentacle-slap the mummy but do no damage.
The mummy is heavily damaged.
You constrict the mummy. The mummy hits you!!
You tentacle-slap the mummy. You squeeze the mummy.
The mummy is almost destroyed.
You constrict the mummy, but do no damage.
The mummy hits you!!
* * * LOW HITPOINT WARNING * * *
You tentacle-slap the mummy.
You destroy the mummy!
You barely miss the mummy. You grab the mummy. Your squeeze misses the mummy.
You constrict the mummy, but do no damage.
You block the mummy's attack.
It was a potion of mutation.
You feel extremely strange.
You feel frail.
You constrict the mummy.
The crocodile zombie closely misses you.
It was a potion of curing.
You feel better.
You constrict the mummy. The mummy misses you.
You tentacle-slap the mummy.
The mummy is heavily damaged.
You constrict the mummy. The crocodile zombie bites you!
* * * LOW HITPOINT WARNING * * *
The crocodile zombie drags you backwards!
You bludgeon the mummy! You squeeze the mummy.
You destroy the mummy!
The crocodile zombie bites you!
You die...

########### #########
#...#...#!!!!#...#..∩#
#...'hZ.+!$$!#.∩.'...#
#...#...#!?!!#...#...#
#...####### #####...#
#...# #...# ##'##
#'### #...# #...#
#...# #...# #...#
#...# #...# #...#


You could see a crocodile zombie.

Vanquished Creatures
  A phantom (D:4)
  Blork the orc (D:4)
  A weeping skull (Ossuary)
  2 water moccasin zombies (Ossuary)
  Crazy Yiuf (D:3)
  Terence (D:3)
  A bullfrog simulacrum (Ossuary)
  3 mummies
  5 adders (D:2)
  2 gnolls (D:1)
  7 adder zombies (Ossuary)
  A ribbon worm (D:2)
  4 dart slugs
  3 orcs (D:4)
  4 bats
  5 endoplasms
  2 giant cockroaches
  7 gnoll zombies (Ossuary)
  5 goblins
  5 hobgoblins
  2 jackals (D:2)
  4 kobolds
  A quokka (D:4)
  8 ball pythons
  6 jackal zombies (Ossuary)
  An orc zombie (Ossuary)
  6 rats
89 creatures vanquished.

Notes
Turn   | Place    | Note
-------+----------+-------------------------------------------
     0 | D:1      | timneilson the Octopode Shapeshifter began the quest for
                  | the Orb.
     0 | D:1      | Reached XP level 1. HP: 13/13 MP: 1/1
   122 | D:1      | Reached XP level 2. HP: 17/18 MP: 2/2
   245 | D:1      | You fall into a shaft and drop 1 floor!
   292 | D:2      | Reached skill level 1 in Stealth
   296 | D:2      | Reached XP level 3. HP: 19/23 MP: 3/3
   459 | D:2      | Reached XP level 4. HP: 29/29 MP: 4/4
  1023 | D:1      | Found a faded altar of an unknown god.
  1413 | D:3      | Identified the +3 dagger of Perourph {pain, rElec rPois}
  1508 | D:3      | Reached XP level 5. HP: 30/34 MP: 5/5
  1526 | D:3      | Noticed Terence
  1540 | D:3      | Killed Terence
  1790 | D:3      | Found a runed translucent door.
  1791 | D:3      | Noticed Crazy Yiuf
  2337 | D:3      | Killed Crazy Yiuf
  2555 | D:4      | Found a broken altar of Ashenzari.
  2748 | D:4      | Noticed a phantom
  2760 | D:4      | Killed a phantom
  2761 | D:4      | Reached XP level 6. HP: 39/41 MP: 6/6
  3043 | D:4      | Noticed Blork the orc
  3051 | D:4      | Killed Blork the orc
  3175 | D:5      | Entered Level 5 of the Dungeon
  3212 | D:5      | Found a hazy altar of Hepliaklqana.
  3251 | D:5      | Found a sand-covered staircase.
  3261 | Ossuary  | Entered an ossuary
  3307 | Ossuary  | Reached XP level 7. HP: 12/46 MP: 7/7
  3599 | Ossuary  | Gained mutation: You are frail. (-10% HP) [potion of
                  | mutation]
  3602 | Ossuary  | Mangled by a crocodile zombie

Illustrated notes

Levels and vault maps discovered:
D:1:      elethiomel_arrival_maze, layout_rooms,
          dilly_ecumenical_altar_fadedgnrine, minmay_misc_feat_more_columns
D:2:      layout_basic
D:3:      layout_rooms, serial_co_window_serial, co_window_corner_a,
          co_window_paths_a, co_window_cross_1, co_window_of_opportunity_a,
          co_window_corner_a, co_window_broadway_b, co_window_broadway_a,
          co_window_broadway_b, co_window_4corner_b, glass_columns_b,
          glass_columns_a, glass_columns_b, glass_columns_a, glass_columns_a,
          st_stairs_2, uniq_terence, uniq_crazy_yiuf_cottage
D:4:      layout_basic, mainiacjoe_overflow_small_starburst,
          hangedman_abyss_or_decor_lesser_grid, uniq_blork_the_orc
D:5:      layout_basic, mainiacjoe_overflow_cross_hatched,
          gup_ossuary_entry_pyramid
Ossuary:  ossuary_tomb_2

Skill      XL: |  1  2  3  4  5  6  7 |
---------------+----------------------+-----
Stealth        | 1 2 3 |  3.3
Fighting       | 2 3 |  3.5
Dodging        | 3 4 |  4.0
Unarmed Combat | 4 |  4.6
Shapeshifting  | 4 |  4.5

Action                     |  1- 3 |  4- 6 |  7- 9 || total
---------------------------+-------+-------+-------++-------
  Melee: Unarmed           |    37 |   118 |    51 ||   206
         Tentacles         |     9 |    27 |    10 ||    46
         Constrict         |     8 |    27 |    17 ||    52
         Punch             |     1 |     4 |     5 ||    10
    Use: Scroll            |       |     8 |       ||     8
         Potion            |       |       |     2 ||     2
   Stab: Sleeping          |     4 |    12 |     2 ||    18
 Armour: Skin              |    13 |    37 |    14 ||    64
  Dodge: Dodged            |    17 |    47 |    25 ||    89
  Block: Other             |     2 |    14 |     9 ||    25

Table legend: (Time is in decaauts)
 A = Elapsed time spent in this place.
 B = Non-inter-level travel time spent in this place.
 C = Inter-level travel time spent in this place.
 D = Time resting spent in this place.
 E = Time spent auto-exploring this place.
 F = Levels seen in this place.
 G = Mean time per level.
                   A        B        C        D        E       F      G
               +--------+--------+--------+--------+--------+-----+--------+
         Total |   3586 |   3515 |     71 |    224 |   2436 |   6 |  597.7 |
       Dungeon |   3251 |   3180 |     71 |     39 |   2436 |   5 |  650.2 |
       Ossuary |    334 |    334 |      0 |    185 |      0 |   1 |  334.0 |
               +--------+--------+--------+--------+--------+-----+--------+

Top non-repeatable levels by time:
     D:3: 1126 daAuts
     D:1: 754 daAuts
     D:4: 686 daAuts
     D:2: 598 daAuts
 Ossuary: 334 daAuts
     D:5: 85 daAuts
